 Dungeon Crawl Stone Soup version 0.25-a0-413-g3b4b6a4ccc (webtiles) character file.

Game seed: 1147435048083970917, levelgen mode: deterministic

1378 Borgoz the Skirmisher (level 8, -1/51 HPs)
             Began as a Gargoyle Gladiator on Jan 15, 2020.
             Was a Follower of Makhleb.
             Slain by a two-headed ogre
             ... wielding a +0 giant spiked club
              (10 damage)
             ... on level 5 of the Dungeon.
             The game lasted 00:07:23 (5589 turns).

Borgoz the Skirmisher (Gargoyle Gladiator)          Turns: 5589, Time: 00:07:23

Health: -1/51      AC: 15    Str: 21    XL:     8   Next: 66%
Magic:  8/8        EV: 12    Int:  8    God:    Makhleb [*.....]
Gold:   534        SH:  0    Dex: 11    Spells: 7/7 levels left

rFire    . . .     SeeInvis .   a - +0 flail
rCold    . . .     Gourm    .   (no shield)
rNeg     + . .     Faith    .   u - +0 scale mail
rPois    ∞         Spirit   .   c - +0 helmet
rElec    +         Reflect  .   g - scarf {repulsion}
rCorr    .         Harm     +   (no gloves)
MR       ++...                  r - +0 pair of boots
Stlth    ..........             n - amulet of harm
HPRegen  0.17/turn              o - ring of protection from magic
MPRegen  0.11/turn              p - ring of protection from magic

@: repel missiles
A: negative energy resistance 1, electricity resistance, unbreathing,
petrification resistance, rot immunity, AC +5
a: Renounce Religion


You were on level 5 of the Dungeon.
You worshipped Makhleb.
Makhleb was aware of your devotion.
You were hungry.

You visited 2 branches of the dungeon, and saw 6 of its levels.
You also visited: Ossuary.

You collected 534 gold pieces.

Inventory:

Hand Weapons
 a - a +0 flail (weapon)
Armour
 c - a +0 helmet (worn)
 g - a scarf of repulsion (worn)
 r - a +0 pair of boots (worn)
 u - a +0 scale mail (worn)
Jewellery
 n - an amulet of harm (around neck)
 o - a ring of protection from magic (left hand)
 p - a ring of protection from magic (right hand)
Wands
 s - a wand of acid (10)
Scrolls
 h - a scroll of immolation {unknown}
 i - a scroll of identify
 j - a scroll of teleportation
 k - 2 scrolls of remove curse
 t - a scroll of fog
Potions
 e - a potion of curing
 l - a potion of heal wounds
 m - a potion of might
Comestibles
 b - a chunk of flesh
 f - 7 rations


   Skills:
 + Level 6.0 Fighting
 + Level 6.0 Maces & Flails
 - Level 1.7 Throwing
 + Level 5.4 Armour
 + Level 4.9 Dodging


You had 7 spell levels left.
You didn't know any spells.
Your spell library was empty.

Dungeon Overview and Level Annotations

Branches:
Dungeon (5/15)             Temple (1/1) D:4         Ossuary (visited)

Altars:
Ashenzari
Cheibriados
Elyvilon
Fedhas
Gozag
Hepliaklqana
Kikubaaqudgha
Makhleb
Nemelex Xobeh
Okawaru
Ru
Uskayaw
Vehumet
Wu Jian
Xom
Zin
The Shining One


Innate Abilities, Weirdness & Mutations

You are resistant to torment.
Your stone body is resilient. (AC +5)
You are immune to poison.
You resist negative energy. (rN+)
You are resistant to electric shocks. (rElec)
You can survive without breathing.
You are immune to petrification.
You are immune to rotting.


Message History

The hound bites you but does no damage.
You hit the two-headed ogre.
The two-headed ogre is heavily wounded.
The hound closely misses you. The gnoll closely misses you.
The two-headed ogre hits you with a +0 giant spiked club!
The two-headed ogre completely misses you.
The hound bites you but does no damage.
You hit the two-headed ogre but do no damage.
The two-headed ogre is heavily wounded.
The hound bites you but does no damage. The gnoll closely misses you.
The two-headed ogre hits you but does no damage.
The two-headed ogre hits you with a +0 giant spiked club!
The hound bites you but does no damage.
You hit the two-headed ogre.
The two-headed ogre is heavily wounded.
The gnoll closely misses you. The hound barely misses you.
The two-headed ogre hits you with a +0 giant spiked club!
* * * LOW HITPOINT WARNING * * *
The two-headed ogre hits you with a +0 giant spiked club!
You die...

#.........#......................
###########.......#########.#....
#.......# ##...... ###.......#
#..#.#.# .........# #.......
.####(......########..#.#.#
...........................
....#...#g..#...#.....#.#.#
...#.#...#@#...#.#........#
..#...#..h#Oo.#...#...#.###
........................#
...#..)#...#...#....####
#.#)†.#.#...#)#...#
#...#...#...#...#..#
...................#
....#...#...#...#....# ...#
#...#.#...#.#...#


You could see a two-headed ogre, a hound, a gnoll and an orc.

Vanquished Creatures
  Duvessa (D:4)
  A necrophage (D:5)
  A phantom (D:5)
  A centaur (D:3)
  An ogre (D:4)
  An elf zombie (Ossuary)
  Dowan (D:4)
  A scorpion (D:5)
  A crimson imp (D:5)
  A centaur zombie (Ossuary)
  2 hounds (D:5)
  A jelly (D:5)
  Crazy Yiuf (D:3)
  An orc wizard (D:5)
  2 iguanas
  4 worker ants
  Natasha (thrice) (D:4)
  A big kobold zombie (Ossuary)
  A hound skeleton (D:3)
  2 mummies (Ossuary)
  2 gnolls (D:5)
  12 adders
  An ooze (D:3)
  4 worms
  2 dart slugs (D:2)
  4 leopard geckos
  9 orcs
  3 ball pythons
  6 giant cockroaches
  2 gnoll zombies (Ossuary)
  9 goblins
  9 hobgoblins
  12 jackals
  8 kobolds
  3 quokkas
  11 bats
  5 frilled lizards
  4 goblin zombies (Ossuary)
  3 hobgoblin zombies (Ossuary)
  A leopard gecko skeleton (D:5)
  2 orc zombies (Ossuary)
  9 rats
149 creatures vanquished.

Notes
Turn   | Place    | Note
-------+----------+-------------------------------------------
     0 | D:1      | Borgoz the Gargoyle Gladiator began the quest for the Orb.
     0 | D:1      | Reached XP level 1. HP: 12/12 MP: 1/1
   218 | D:1      | Reached XP level 2. HP: 15/18 MP: 2/2
   313 | D:1      | Reached skill level 1 in Armour
   670 | D:1      | Reached XP level 3. HP: 21/22 MP: 3/3
  1193 | D:2      | Reached XP level 4. HP: 27/28 MP: 4/4
  1266 | D:2      | Found a faded altar of an unknown god.
  1578 | D:2      | Found a glowing golden altar of the Shining One.
  1578 | D:2      | Found a hide-covered altar of Uskayaw.
  1579 | D:2      | Found a white marble altar of Elyvilon.
  1639 | D:2      | Found a shattered altar of Ashenzari.
  2129 | D:3      | Reached XP level 5. HP: 32/32 MP: 5/5
  2571 | D:3      | Found a runed translucent door.
  2572 | D:3      | Noticed Crazy Yiuf
  2666 | D:3      | Noticed a centaur
  2677 | D:3      | Killed a centaur
  2677 | D:3      | Reached XP level 6. HP: 19/38 MP: 6/6
  2951 | D:3      | Killed Crazy Yiuf
  3239 | D:4      | Noticed Natasha
  3253 | D:4      | Killed Natasha
  3334 | D:4      | Found a sand-covered staircase.
  3353 | Ossuary  | Entered an ossuary
  3610 | Ossuary  | Reached XP level 7. HP: 22/44 MP: 7/7
  3723 | D:4      | Noticed Dowan
  3725 | D:4      | Noticed Duvessa
  3758 | D:4      | Found a staircase to the Ecumenical Temple.
  3770 | Temple   | Entered the Ecumenical Temple
  3978 | Temple   | Became a worshipper of Makhleb the Destroyer
  4100 | D:4      | Killed Duvessa
  4106 | D:4      | Killed Dowan
  4106 | D:4      | Reached skill level 5 in Maces & Flails
  4296 | D:4      | Reached skill level 5 in Fighting
  4897 | D:4      | Noticed Natasha
  4904 | D:4      | Killed Natasha
  5046 | D:4      | Noticed Natasha
  5052 | D:4      | Killed Natasha
  5052 | D:4      | Reached XP level 8. HP: 41/49 MP: 8/8
  5063 | D:5      | Entered Level 5 of the Dungeon
  5305 | D:5      | Reached * piety under Makhleb
  5305 | D:5      | Reached skill level 5 in Armour
  5565 | D:5      | Noticed a two-headed ogre
  5589 | D:5      | Slain by a two-headed ogre

Levels and vault maps discovered:
D:1:      ebering_trefoil_3fold, layout_basic, serial_glass, glass_columns_b,
          glass_columns_a, glass_columns_c, grunt_decor_mini_mirrors
D:2:      layout_loops_ring, evilmike_ruin_ashenzari,
          gammafunk_temple_overflow_forgotten, chequers_ecumenical_altar_island,
          minmay_tromino_v7
D:3:      layout_rooms, first_ration, uniq_crazy_yiuf_cottage
D:4:      layout_basic, minmay_temple_entry_slanted, enter_ossuary_2,
          uniq_duvessa, uniq_natasha
D:5:      cheibrodos_fzero, layout_basic, hangedman_decor_riveting,
          eino_curves_02, st_stairs_5
Temple:   nicolae_temple_figure_eight

Skill      XL: |  1  2  3  4  5  6  7  8 |
---------------+-------------------------+-----
Armour         | 1 2 3 4 5 |  5.4
Fighting       | 3 4 5 6 |  6.0
Dodging        | 3 4 |  4.9
Maces & Flails | 4 5 6 |  6.0
Throwing       | |  1.7

Action                   |  1- 3 |  4- 6 |  7- 9 || total
-------------------------+-------+-------+-------++-------
Melee: Flail             |   138 |   239 |   228 ||   605
Throw: Throwing net      |       |     2 |     5 ||     7
  Use: Scroll            |       |     7 |     3 ||    10
       Potion            |       |       |     5 ||     5
 Stab: Held in net/web   |       |       |     2 ||     2
  Eat: Chunk             |     1 |     8 |     3 ||    12
       Ration            |       |       |     1 ||     1
Armor: Leather armour    |    70 |   131 |    37 ||   238
       Ring mail         |       |       |    61 ||    61
       Scale mail        |       |       |    41 ||    41
Dodge: Dodged            |   157 |   254 |   201 ||   612
       Deflected         |       |       |     1 ||     1

Table legend:
 A = Non-vault XP
 B = Vault XP
 C = Vault XP percentage of total XP
 D = Non-vault monster count
 E = Vault monster count
 F = Vault count percentage of total count
                 A         B        C        D         E       F
            +---------+---------+-------+---------+---------+-------
      Total |     977 |     992 |  50.4 |     114 |      35 |  23.5
            +---------+---------+-------+---------+---------+-------
        D:1 |      57 |       0 |   0.0 |      34 |       0 |   0.0
        D:2 |      86 |      20 |  18.9 |      26 |       4 |  13.3
        D:3 |     177 |      39 |  18.1 |      18 |       1 |   5.3
        D:4 |     335 |     263 |  44.0 |      17 |       3 |  15.0
        D:5 |     320 |     446 |  58.2 |      18 |      11 |  37.9
     Temple |       2 |       0 |   0.0 |       1 |       0 |   0.0
    Ossuary |       0 |     224 | 100.0 |       0 |      16 | 100.0
            +---------+---------+-------+---------+---------+-------
